 Dungeon Sprint DCSS version 0.21.1-1-g345015f (webtiles) character file.

1083 nicolaieve the Severer (level 8, -2/78 HPs)
             Began as a Minotaur Berserker on June 14, 2018.
             Was an Elder of Trog.
             Slain by a demonic crawler (3 damage)
             ... in the Dungeon (Sprint I: "Red Sonja").
             The game lasted 00:04:06 (564 turns).

nicolaieve the Severer (Minotaur Berserker)          Turns: 564, Time: 00:04:06

Health: -2/78      AC:  9    Str: 23    XL:     8   Next: 8%
Magic:  7/7        EV: 13    Int:  4    God:    Trog [****..]
Gold:   270        SH:  0    Dex: 11    Spells: 7/7 levels left

rFire    . . .     SeeInvis .   a - +0 hand axe
rCold    . . .     Gourm    .   (no shield)
rNeg     . . .     Faith    .   l - +0 scale mail
rPois    .         Spirit   .   (helmet restricted)
rElec    .         Reflect  .   k - +0 cloak
rCorr    .         Harm     .   (no gloves)
MR       .....     NoTele   +   (no boots)
Stlth    ..........             (no amulet)
HPRegen  0.23/turn              (no ring)
MPRegen  0.10/turn              (no ring)

@: berserk cooldown, slowed, very slow
A: retaliatory headbutt, horns 2
a: Berserk, Trog's Hand, Brothers in Arms, Burn Spellbooks, Renounce Religion


You were in the Dungeon.
You worshipped Trog.
Trog was greatly pleased with you.
You were not hungry.

You visited 1 branch You collected 270 gold pieces.

Inventory:

Hand Weapons
 a - a +0 hand axe (weapon)
Armour
 b - a +0 animal skin
 k - a +0 cloak (worn)
 l - a +0 scale mail (worn)
Wands
 j - a wand of polymorph (7)
Scrolls
 i - a scroll of blinking
 m - a scroll of remove curse {unknown}
Potions
 d - a potion of curing
 e - a potion of heal wounds
 f - a potion of haste
 g - 2 potions of magic
 h - a potion of berserk rage


   Skills:
 - Level 9.6 Fighting
 * Level 15.2 Axes
 + Level 9.0 Armour
 - Level 5.9 Dodging
 + Level 3.0 Unarmed Combat


You had 7 spell levels left.
You didn't know any spells.

Dungeon Overview and Level Annotations

Branches:
Dungeon (1/1)

Altars:
Makhleb
Sif Muna
Vehumet
Wu Jian
Xom
Jiyva
Lugonu


Innate Abilities, Weirdness & Mutations

You reflexively headbutt those who attack you in melee.
You have a pair of horns on your head.


Message History

The demonic crawler barely misses you.
Things that are here:
a dagger; a robe; a kobold corpse The demonic crawler hits you!
* * * LOW HITPOINT WARNING * * *
The demonic crawler hits you but does no damage.
The demonic crawler closely misses you.
The demonic crawler hits you but does no damage.
The demonic crawler barely misses you. The demonic crawler hits you!
* * * LOW HITPOINT WARNING * * *
There is an open door, spattered with blood here.
The demonic crawler misses you.
The demonic crawler completely misses you.
The demonic crawler hits you.
* * * LOW HITPOINT WARNING * * *
The demonic crawler hits you but does no damage.
The demonic crawler hits you.
* * * LOW HITPOINT WARNING * * *
The demonic crawler hits you.
You die...

#######################
#..)..#..'..#__#..ss..#
'..#..').#..'..'@s#)).##+#
#####'#####'#__####...'..#
# #..# #.#### #####..+ #
#### ##.# ## # #+#_.+ #
+..._# # #_.#+# ##+


You could see 3 demonic crawlers.

Vanquished Creatures
  2 kobold demonologists (D)
  A slime creature (D)
  Sigmund (D)
  A floating eye (D)
  An ogre (D)
  A jelly (D)
  Ijyb (D)
8 creatures vanquished.

Notes
Turn   | Place    | Note
-------+----------+-------------------------------------------
     0 | D        | nicolaieve the Minotaur Berserker began the quest for the Orb.
     0 | D        | Reached XP level 1. HP: 19/19 MP: 0/0
     1 | D        | Noticed Ijyb
    30 | D        | Killed Ijyb
    30 | D        | Reached skill level 5 in Fighting
    30 | D        | Reached skill level 5 in Axes
    30 | D        | Reached XP level 2. HP: 14/29 MP: 1/1
   146 | D        | Noticed an ogre
   149 | D        | Killed an ogre
   149 | D        | Reached skill level 8 in Axes
   149 | D        | Reached skill level 1 in Unarmed Combat
   149 | D        | Reached XP level 3. HP: 39/39 MP: 2/2
   149 | D        | Reached XP level 4. HP: 47/47 MP: 3/3
   154 | D        | Noticed Sigmund
   167 | D        | Killed Sigmund
   167 | D        | Reached ** piety under Trog
   167 | D        | Reached skill level 10 in Axes
   167 | D        | Reached skill level 5 in Armour
   167 | D        | Reached skill level 5 in Dodging
   167 | D        | Reached XP level 5. HP: 22/56 MP: 4/4
   167 | D        | Reached XP level 6. HP: 24/62 MP: 5/5
   313 | D        | Found a deep blue altar of Sif Muna.
   314 | D        | Found an ornate altar of the Wu Jian Council.
   316 | D        | Found a radiant altar of Vehumet.
   319 | D        | Reached skill level 11 in Axes
   336 | D        | Found a burning altar of Makhleb.
   336 | D        | Found a viscous altar of Jiyva.
   336 | D        | Found a shimmering altar of Xom.
   336 | D        | Found a corrupted altar of Lugonu.
   336 | D        | Noticed a slime creature
   347 | D        | Killed a slime creature
   347 | D        | Reached skill level 12 in Axes
   535 | D        | Noticed a kobold demonologist
   535 | D        | Noticed a floating eye
   536 | D        | Noticed a kobold demonologist
   537 | D        | Killed a floating eye
   537 | D        | Reached *** piety under Trog
   537 | D        | Reached skill level 13 in Axes
   537 | D        | Reached XP level 7. HP: 70/70 MP: 6/6
   543 | D        | Killed a kobold demonologist
   543 | D        | Reached skill level 14 in Axes
   550 | D        | Killed a kobold demonologist
   550 | D        | Reached **** piety under Trog
   550 | D        | Reached skill level 15 in Axes
   550 | D        | Reached XP level 8. HP: 78/78 MP: 7/7
   555 | D        | Noticed a demonic crawler
   555 | D        | Noticed a demonic crawler
   555 | D        | Noticed a demonic crawler
   555 | D        | Noticed a demonic crawler
   563 | D        | HP: 2/78 [demonic crawler (6)]
   564 | D        | Slain by a demonic crawler

Skill      XL: |  1  2  3  4  5  6  7 |
---------------+----------------------+-----
Fighting       | 5 7 8 9 |  9.6
Axes           | 5 8 10 13 15 | 15.2
Armour         | 3 5 7 9 |  9.0
Dodging        | 3 4 5 |  5.9
Unarmed Combat | 1 2 3 |  3.0

Action                   |  1- 3 |  4- 6 |  7- 9 || total
-------------------------+-------+-------+-------++-------
Melee: Unarmed           |    12 |       |       ||    12
       Hand axe          |     8 |    25 |    15 ||    48
       Headbutt          |     2 |     6 |     1 ||     9
       Punch             |       |       |     1 ||     1
Invok: Berserk           |     2 |     1 |       ||     3
  Eat: Ration            |       |       |     1 ||     1
Armor: Animal skin       |     1 |       |       ||     1
       Scale mail        |       |     1 |    11 ||    12
Dodge: Dodged            |    13 |     6 |    13 ||    32
